[Event "Team 45 45 League T42"]
[Site "Internet Chess Club"]
[Date "2009.09.04"]
[Round "6"]
[White "RedAttack"]
[Black "evan94131"]
[Result "1-0"]
[WhiteElo "1991"]
[BlackElo "1888"]
[Opening "QGD semi-Slav"]
[ECO "D43"]
[Time "19:34:39"]
[TimeControl "2700+45"]

1. d4 d5 2. Nf3 Nf6 3. c4 c6 4. Nc3 e6 5. Bg5 Nbd7 6. cxd5 exd5 7. e3 Qa5 8. Bd3
Ne4 9. Bxe4 dxe4 10. Ne5 Bb4 11. Rc1 O-O 12. Bf4 Nxe5 13. Bxe5 Qxa2 14. Qc2
Bxc3+ 15. Qxc3 f6 16. Bd6 Rd8 17. Bc5 Qd5 18. O-O b6 19. Ba3 Bb7 20. Rc2 f5 21.
Be7 Rd7 22. Bg5 h6 23. Bf4 g5 24. Be5 Rf7 25. Rfc1 Kh7 26. b4 f4 27. Qc4 fxe3
28. Qxd5 exf2+ 29. Rxf2 {Black resigns} 1-0

[Event "Team 45 45 League T42"]
[Site "Internet Chess Club"]
[Date "2009.09.04"]
[Round "6"]
[White "onslaught"]
[Black "SlimeDog2"]
[Result "1/2-1/2"]
[WhiteElo "2180"]
[BlackElo "2170"]
[Opening "Grünfeld: exchange, Spassky variation"]
[ECO "D87"]
[Time "22:01:41"]
[TimeControl "2700+45"]

1. d4 Nf6 2. c4 g6 3. Nc3 d5 4. cxd5 Nxd5 5. e4 Nxc3 6. bxc3 Bg7 7. Bc4 c5 8.
Ne2 O-O 9. Be3 cxd4 10. cxd4 Qa5+ 11. Bd2 Qa3 12. Rb1 Qd6 13. Bf4 Qc6 14. Bd5
Qa6 15. O-O Nc6 16. Qd2 e6 17. Bxc6 Qxc6 18. f3 b5 19. Rfc1 Qb6 20. Be3 Rd8 21.
a4 a6 22. d5 Qb7 23. Qa5 Qe7 24. Bc5 Qe8 25. Nd4 exd5 26. Nxb5 Be5 27. Nc7 Bxc7
28. Qxc7 dxe4 29. fxe4 Be6 30. a5 Rac8 31. Qf4 Qa4 32. Bb6 Rxc1+ 33. Rxc1 Rd1+
34. Rxd1 Qxd1+ 35. Qf1 {Game drawn by mutual agreement} 1/2-1/2

[Event "Team 45 45 League T42"]
[Site "Internet Chess Club"]
[Date "2009.09.08"]
[Round "6"]
[White "GaShMa"]
[Black "NFork"]
[Result "1-0"]
[WhiteElo "2324"]
[BlackElo "2234"]
[Opening "Scandinavian defense"]
[ECO "B01"]
[Time "14:00:07"]
[TimeControl "2700+45"]

1. e4 d5 2. exd5 Nf6 3. Nc3 Nxd5 4. Bc4 e6 5. Nf3 Be7 6. O-O O-O 7. Re1 Nxc3 8.
bxc3 c5 9. d4 Nc6 10. Be3 Na5 11. Bd3 c4 12. Bf1 Bd7 13. Ne5 Bb5 14. g3 f6 15.
Nf3 Bc6 16. Bg2 Re8 17. Qd2 Qd7 18. Re2 Bd5 19. Bf4 Nc6 20. h4 Rad8 21. Qe3 Ba3
22. Rae1 b5 23. Bh3 b4 24. cxb4 c3 25. b5 Bxf3 26. bxc6 Qxc6 27. Bxe6+ Kf8 28.
d5 Bxd5 29. Bxd5 Qxd5 30. Qxc3 Rxe2 31. Rxe2 Bc5 32. Rd2 Bd4 33. Qb4+ Ke8 34.
Be3 Bc5 35. Qb5+ {Black resigns} 1-0

[Event "Team 45 45 League T42"]
[Site "Internet Chess Club"]
[Date "2009.09.08"]
[Round "6"]
[White "kingcapture"]
[Black "adh2050"]
[Result "0-1"]
[WhiteElo "2294"]
[BlackElo "2119"]
[Opening "Sicilian: Hungarian variation"]
[ECO "B27"]
[Time "21:03:21"]
[TimeControl "2700+45"]

1. e4 c5 2. Nf3 g6 3. g3 Bg7 4. Bg2 Nc6 5. O-O d6 6. Re1 e5 7. h3 Nge7 8. d3 O-O
9. Nbd2 h6 10. Nf1 Kh7 11. c3 Bd7 12. Be3 b6 13. d4 Qc7 14. dxc5 dxc5 15. Qc2 f5
16. exf5 Bxf5 17. Qe2 g5 18. g4 Bg6 19. Ng3 Rad8 20. Rad1 Rxd1 21. Rxd1 Rd8 22.
h4 e4 23. h5 exf3 24. hxg6+ Nxg6 25. Bxf3 Re8 26. Qc2 Rxe3 27. fxe3 Qxg3+ 28.
Qg2 Qxg2+ 29. Kxg2 Nh4+ 30. Kf2 Nxf3 31. Kxf3 Ne5+ 32. Kg3 Nc4 33. b3 Nxe3 34.
Rd3 Nc2 35. Rd7 Kg6 36. Rxa7 Bxc3 37. Rb7 Ba5 38. Kf3 Nb4 39. a3 Nc2 40. Ke4
Nxa3 41. Rc7 Nb5 42. Rc6+ Kg7 43. Ke5 Nd4 44. Rc7+ Kg6 45. Rd7 Nxb3 46. Rd6+ Kg7
47. Rd7+ Kf8 48. Rd6 b5 49. Rxh6 c4 50. Rc6 Bc3+ 51. Kd5 Bb2 52. Rc8+ Ke7 53.
Ke4 c3 54. Kd3 Nd4 55. Kxd4 c2+ {White resigns} 0-1

[Event "Team 45 45 League T42"]
[Site "Internet Chess Club"]
[Date "2009.09.03"]
[Round "6"]
[White "trucazzo"]
[Black "jonesey"]
[Result "1-0"]
[WhiteElo "2099"]
[BlackElo "1963"]
[Opening "Richter-Veresov attack, Veresov variation"]
[ECO "D01"]
[Time "11:01:52"]
[TimeControl "2700+45"]

1. d4 Nf6 2. Nc3 d5 3. Bg5 Bf5 4. Bxf6 exf6 5. e3 Bb4 6. Bd3 Qd7 7. Ne2 Nc6 8.
a3 Bxc3+ 9. Nxc3 O-O-O 10. b4 Rhe8 11. O-O Bxd3 12. cxd3 Qf5 13. b5 Ne7 14. a4
Ng6 15. a5 Nh4 16. b6 Qg5 17. g3 a6 18. bxc7 Kxc7 19. Rb1 Rd7 20. e4 dxe4 21.
Nxe4 Rxe4 22. dxe4 Rxd4 23. Qc1+ Kb8 24. Qxg5 Nf3+ 25. Kg2 Nxg5 26. Rfd1 {Black
resigns} 1-0

[Event "Team 45 45 League T42"]
[Site "Internet Chess Club"]
[Date "2009.09.05"]
[Round "6"]
[White "Monsieur"]
[Black "RingLord"]
[Result "1-0"]
[WhiteElo "1598"]
[BlackElo "1703"]
[Opening "QGD: Albin counter-gambit"]
[ECO "D08"]
[Time "10:00:52"]
[TimeControl "2700+45"]

1. d4 d5 2. c4 e5 3. e4 dxe4 4. d5 c6 5. Nc3 Nf6 6. a3 cxd5 7. cxd5 Be7 8. Bc4
Qc7 9. Ba2 a6 10. Bd2 O-O 11. Nge2 Bg4 12. O-O Nbd7 13. Rc1 Qd6 14. f3 exf3 15.
gxf3 Bh3 16. Ne4 Nxe4 17. fxe4 Qg6+ 18. Ng3 Rac8 19. Rxc8 Rxc8 20. d6 Qxd6 21.
Rxf7 Kh8 22. Qe2 Qd4+ 23. Be3 Rc1+ 24. Kf2 Qd1 25. Bxc1 Qxc1 26. Nf5 Qf4+ 27.
Ke1 Bxf5 28. Rxe7 Qh4+ 29. Kd1 Qxe7 30. exf5 Qd6+ 31. Ke1 Qd4 32. Be6 Nc5 33.
Bc4 b5 34. Be6 Qxb2 35. Qxb2 Nd3+ 36. Kd2 Nxb2 37. Kc3 Na4+ 38. Kb4 g5 39. fxg6
hxg6 40. Bc8 Kg7 41. Bxa6 Nb2 42. Bxb5 Kf6 43. Be2 e4 44. Kb3 Nd3 45. Bxd3 exd3
46. Kc3 Ke5 47. Kxd3 Kd5 48. Ke3 Kc4 49. Kf4 Kb3 50. Kg5 {Black resigns} 1-0

[Event "Team 45 45 League T42"]
[Site "Internet Chess Club"]
[Date "2009.09.06"]
[Round "6"]
[White "Bookkeeper"]
[Black "Dr-Checkmate"]
[Result "1-0"]
[WhiteElo "1728"]
[BlackElo "1553"]
[Opening "Scandinavian defense"]
[ECO "B01"]
[Time "13:58:39"]
[TimeControl "2700+45"]

1. e4 d5 2. exd5 Nf6 3. Nc3 Nxd5 4. Bc4 Be6 5. Qf3 c6 6. d3 Nc7 7. Bf4 Bxc4 8.
dxc4 Ne6 9. Nge2 g5 10. Be5 Bg7 11. Bxg7 Nxg7 12. Rd1 Qb6 13. b3 Nd7 14. O-O Ne5
15. Qe4 f6 16. Rd2 Qa5 17. Rfd1 Ne6 18. Qf5 Nf4 19. Kh1 Nxe2 20. Nxe2 O-O 21.
Ng3 Rad8 22. Qe6+ Kh8 23. Qxe7 Ng6 24. Qe3 Rxd2 25. Qxd2 Qxa2 26. h3 Ne5 27. f4
Nf7 28. Qc3 {Black resigns} 1-0

[Event "Team 45 45 League T42"]
[Site "Internet Chess Club"]
[Date "2009.09.04"]
[Round "6"]
[White "cobra2008"]
[Black "CheeryCherry"]
[Result "1-0"]
[WhiteElo "1579"]
[BlackElo "1514"]
[Opening "Sicilian: Hungarian variation"]
[ECO "B27"]
[Time "18:00:16"]
[TimeControl "2700+45"]

1. e4 c5 2. Nf3 g6 3. Bc4 Bg7 4. c3 Nc6 5. d4 cxd4 6. cxd4 d6 7. Bd3 Qb6 8. O-O
Nxd4 9. Nxd4 Bxd4 10. Nc3 Bd7 11. Nd5 Qd8 12. Be3 Bxe3 13. fxe3 h5 14. Rc1 Rc8
15. Rxc8 Qxc8 16. Qf3 Nh6 17. Nxe7 Qd8 18. Nd5 O-O 19. Qf4 Ng4 20. Be2 Ne5 21.
Nf6+ Kg7 22. Qg3 Kh6 23. Qf4+ g5 24. Qf2 h4 25. Nxd7 Nxd7 26. Bg4 Ne5 27. Bf5 g4
28. Kh1 Qg5 29. Rd1 Nc4 30. Re1 Ne5 31. Rd1 Nc4 32. a3 Rg8 33. Qe2 Nxe3 34.
Rxd6+ f6 35. Be6 Rg7 36. Rd3 Rc7 37. Qe1 Nxg2 38. Kxg2 Rc2+ 39. Kg1 Qc5+ 40.
Qe3+ Qxe3+ 41. Rxe3 Rxb2 42. Bxg4 Kg5 43. Bf5 Kf4 44. Rh3 Rb1+ 45. Kf2 Rb2+ 46.
Ke1 Rb1+ 47. Kd2 Rb2+ 48. Kc3 {Black resigns} 1-0

[Event "Team 45 45 League T42"]
[Site "Internet Chess Club"]
[Date "2009.09.06"]
[Round "6"]
[White "stingham"]
[Black "zachi"]
[Result "0-1"]
[WhiteElo "1639"]
[BlackElo "1966"]
[Opening "Caro-Kann: exchange, Rubinstein variation"]
[ECO "B13"]
[Time "09:01:41"]
[TimeControl "2700+45"]

1. e4 c6 2. d4 d5 3. exd5 cxd5 4. Bd3 Nc6 5. c3 Nf6 6. Bf4 Bg4 7. f3 Bh5 8. Ne2
e6 9. Nd2 Bg6 10. Bxg6 hxg6 11. Qa4 Nh5 12. Be3 Bd6 13. f4 Qc7 14. g3 g5 15. Rf1
gxf4 16. gxf4 Nf6 17. Nf3 Ng4 18. Bd2 Nxh2 19. Nxh2 Rxh2 20. b4 Ke7 21. Qc2
Rxe2+ {White resigns} 0-1

[Event "Team 45 45 League T42"]
[Site "Internet Chess Club"]
[Date "2009.09.07"]
[Round "6"]
[White "SCUGrad"]
[Black "Krumpy"]
[Result "0-1"]
[WhiteElo "1252"]
[BlackElo "1397"]
[Opening "Giuoco Piano"]
[ECO "C54"]
[Time "09:05:25"]
[TimeControl "2700+45"]

1. e4 e5 2. Nf3 Nc6 3. Bc4 Bc5 4. c3 Nf6 5. d4 exd4 6. cxd4 Bb4+ 7. Bd2 Nxe4 8.
Bxb4 Nxb4 9. Bxf7+ Kf8 10. Qb3 Qe7 11. O-O d5 12. Bxd5 Nxd5 13. Qxd5 Nf6 14. Qc5
Qxc5 15. dxc5 c6 16. Rd1 Be6 17. Rd6 Bc4 18. Nc3 Re8 19. Rad1 h6 20. b3 Ba6 21.
h3 Kf7 22. Ne5+ Rxe5 23. g4 Rhe8 24. f4 Re3 25. Na4 Rxh3 26. Kg2 Rhe3 27. g5
hxg5 28. fxg5 Nd5 29. Rf1+ Bxf1+ {White resigns} 0-1

[Event "Team 45 45 League T42"]
[Site "Internet Chess Club"]
[Date "2009.09.07"]
[Round "6"]
[White "PostMike"]
[Black "Esslinger"]
[Result "1-0"]
[WhiteElo "1513"]
[BlackElo "1387"]
[Opening "Scandinavian (center counter) defense"]
[ECO "B01"]
[Time "13:01:20"]
[TimeControl "2700+45"]

1. e4 d5 2. exd5 Qxd5 3. Nc3 Qa5 4. d4 c6 5. Nf3 Nf6 6. Bd2 Qd8 7. Bc4 Bg4 8.
Ne5 Be6 9. Bxe6 fxe6 10. Ne2 g6 11. O-O Bg7 12. Qc1 Nbd7 13. Nf3 Qb6 14. b3
O-O-O 15. Ng5 Bh6 16. Nf7 Bxd2 17. Qxd2 Ng4 18. Nxh8 Qc7 19. Qf4 Qxf4 20. Nxf4
Rxh8 21. Nxe6 Ndf6 22. h3 Nh6 23. Rfe1 Nf5 24. g4 Nh4 25. Re2 Nd5 26. c4 Nc3 27.
Re3 {Black resigns} 1-0

[Event "Team 45 45 League T42"]
[Site "Internet Chess Club"]
[Date "2009.09.06"]
[Round "6"]
[White "AndersO"]
[Black "chesskix"]
[Result "0-1"]
[WhiteElo "1416"]
[BlackElo "1427"]
[Opening "Caro-Kann: Gurgenidze system"]
[ECO "B15"]
[Time "14:00:19"]
[TimeControl "2700+45"]

1. e4 c6 2. d4 d5 3. Nc3 g6 4. Nf3 Bg4 5. Be2 Bg7 6. Be3 dxe4 7. Nxe4 Bf5 8. Ng3
Be6 9. O-O Nf6 10. c3 O-O 11. Ne5 Nd5 12. Qd2 Nxe3 13. Qxe3 Nd7 14. Nd3 Nf6 15.
Ne5 Nd5 16. Qe4 Nf6 17. Qe3 Nd5 18. Qe4 Qd6 19. Nf3 Qf4 20. Rad1 Bf5 21. Qxf4
Nxf4 22. Rfe1 Be6 23. a3 b5 24. Ne5 Bd5 25. Bf3 Bxe5 26. Bxd5 Nxd5 27. Rxe5 a5
28. Ne4 Kg7 29. Nc5 Rfe8 30. Rde1 e6 31. g3 a4 32. Kg2 Nb6 33. Nd3 Nc4 34. R5e2
Rac8 35. Nb4 Nb6 36. Re5 Nd5 37. Nd3 Nb6 38. Rc5 Nc4 39. Re2 f6 40. Nb4 Na5 41.
d5 exd5 42. Rxe8 Rxe8 43. Nxc6 Nxc6 44. Rxc6 Re2 45. Rc5 Rxb2 46. Rxd5 Rb3 47.
Rc5 Rxa3 48. Rxb5 Rxc3 49. Rb2 Rc7 50. Kf1 a3 51. Ra2 Ra7 52. Ke2 f5 53. Kd3 Kf6
54. Kc3 Ke5 55. Kb3 Ke4 56. Rxa3 Rxa3+ 57. Kxa3 Kf3 58. Kb3 Kxf2 59. Kc3 Kg2 60.
Kd3 Kxh2 61. Ke3 Kxg3 62. Ke2 Kg2 63. Ke3 h5 64. Kf4 h4 {White resigns} 0-1

[Event "Team 45 45 League T42"]
[Site "Internet Chess Club"]
[Date "2009.09.02"]
[Round "6"]
[White "Marichan"]
[Black "BigW"]
[Result "0-1"]
[WhiteElo "1915"]
[BlackElo "1955"]
[Opening "Scotch game"]
[ECO "C45"]
[Time "19:09:15"]
[TimeControl "2700+45"]

1. e4 e5 2. Nf3 Nc6 3. d4 exd4 4. Nxd4 Bc5 5. Nxc6 Qf6 6. Qd2 bxc6 7. Bd3 d5 8.
O-O Ne7 9. Re1 O-O 10. Qf4 Qxf4 11. Bxf4 dxe4 12. Bxe4 Rb8 13. b3 Nd5 14. Bxd5
cxd5 15. Bxc7 Rb7 16. Bg3 d4 17. Nd2 Bb4 18. Re2 Bf5 19. Nc4 Rd7 20. Rd1 Rfd8
21. f3 d3 22. cxd3 Rxd3 23. Rxd3 Bxd3 24. Re5 Rc8 25. Be1 f6 26. Bxb4 fxe5 27.
Nxe5 Bf5 28. Nc4 Bd3 29. Nd2 a6 30. Kf2 Re8 31. Kg3 Kf7 32. Nc4 Bxc4 33. bxc4
Ke6 34. Kf4 Kd7 35. a3 Re2 36. Kg3 Kc6 37. f4 g6 38. Kf3 Rc2 39. c5 Kb5 40. h4
a5 41. Be1 Rxc5 42. g4 Rc1 43. Bd2 Ra1 44. f5 Rxa3+ 45. Kf4 a4 46. f6 Rd3 47. f7
Rxd2 {White resigns} 0-1

[Event "Team 45 45 League T42"]
[Site "Internet Chess Club"]
[Date "2009.09.07"]
[Round "6"]
[White "OOB1"]
[Black "BrandonBee"]
[Result "1-0"]
[WhiteElo "1562"]
[BlackElo "1499"]
[Opening "Sicilian: Kan, 5.Nc3"]
[ECO "B48"]
[Time "15:48:10"]
[TimeControl "2700+45"]

1. e4 c5 2. Nf3 e6 3. Nc3 a6 4. d4 cxd4 5. Nxd4 Qc7 6. Be3 Nc6 7. Bd3 b6 8. Qg4
Nf6 9. Qf3 Bb7 10. a3 Ne5 11. Qe2 Bd6 12. h3 O-O 13. O-O Rac8 14. f4 Nxd3 15.
cxd3 Bc5 16. Rac1 d6 17. Qf2 Qe7 18. b4 Bxd4 19. Bxd4 b5 20. e5 dxe5 21. Bc5 Qd7
22. Bxf8 Kxf8 23. fxe5 Nd5 24. Nxd5 Qxd5 25. Rxc8+ Bxc8 {Black resigns} 1-0

[Event "Team 45 45 League T42"]
[Site "Internet Chess Club"]
[Date "2009.09.06"]
[Round "6"]
[White "Makaen"]
[Black "otib2006"]
[Result "1-0"]
[WhiteElo "1436"]
[BlackElo "1369"]
[Opening "Sicilian: Scheveningen, 6.f4"]
[ECO "B82"]
[Time "10:01:39"]
[TimeControl "2700+45"]

1. e4 c5 2. Nc3 d6 3. f4 Nf6 4. Nf3 e6 5. d4 cxd4 6. Nxd4 Be7 7. Be3 O-O 8. h3
Nbd7 9. Qd2 Kh8 10. Be2 a6 11. g4 Qc7 12. O-O-O b5 13. Bf3 b4 14. Nce2 Rb8 15.
Kb1 a5 16. g5 Ng8 17. h4 a4 18. h5 b3 19. axb3 axb3 20. Nxb3 f6 21. Ned4 Nb6 22.
Bg4 Nc4 23. Qc3 e5 24. Ne6 Bxe6 25. Bxe6 fxg5 26. fxg5 Na3+ 27. Ka2 Qxc3 28.
bxc3 Ra8 29. Bd5 Nc4+ 30. Bxa8 Rxa8+ 31. Kb1 Nxe3 32. Rd3 Bxg5 33. Rg1 Bh6 34.
Rxd6 Rb8 35. Re1 Nc4 36. Ra6 Nd2+ 37. Ka2 Nxb3 38. cxb3 Bd2 39. Rf1 Bxc3 40. Rf7
Nf6 41. Raa7 Nxh5 42. Rab7 Rxb7 43. Rf8# {Black checkmated} 1-0

[Event "Team 45 45 League T42"]
[Site "Internet Chess Club"]
[Date "2009.09.06"]
[Round "6"]
[White "nas3"]
[Black "ZacAttack99"]
[Result "1-0"]
[WhiteElo "1748"]
[BlackElo "1469"]
[Opening "Sicilian: Pelikan (Lasker/Sveshnikov) variation"]
[ECO "B33"]
[Time "12:00:13"]
[TimeControl "2700+45"]

1. e4 c5 2. Nf3 Nc6 3. d4 cxd4 4. Nxd4 Nf6 5. Nc3 e5 6. Ndb5 d6 7. Bg5 h6 8.
Bxf6 gxf6 9. Nd5 Rb8 10. Nbc7+ Kd7 11. Qg4+ f5 12. Qxf5# {Black checkmated} 1-0

[Event "Team 45 45 League T42"]
[Site "Internet Chess Club"]
[Date "2009.09.07"]
[Round "6"]
[White "Karan99"]
[Black "vollmerj"]
[Result "1-0"]
[WhiteElo "1455"]
[BlackElo "1733"]
[Opening "Alekhine's defense"]
[ECO "B03"]
[Time "17:04:38"]
[TimeControl "2700+45"]

1. e4 Nf6 2. e5 Nd5 3. d4 d6 4. c4 Nb6 5. Nf3 dxe5 6. Nxe5 N8d7 7. Bf4 g6 8. Nc3
Bg7 9. Nf3 Nf6 10. Be2 O-O 11. O-O Nh5 12. Bg5 Bf6 13. Bh6 Bg7 14. Bxg7 Nxg7 15.
Qd2 Nf5 16. Ne4 e6 17. Rad1 Nd6 18. Nxd6 cxd6 19. Qh6 f6 20. Rfe1 Qe7 21. Bd3
Qg7 22. Qh4 Bd7 23. Re2 Rac8 24. b3 Rce8 25. Rde1 e5 26. c5 dxc5 27. dxc5 Nd5
28. Bc4 Be6 29. Rd2 Nf4 30. Bxe6+ Rxe6 31. Red1 g5 32. Qg4 h5 33. Qf5 Qg6 34.
Qxg6+ Nxg6 35. Rd7 Rf7 36. R7d6 Nf4 37. g3 Rxd6 38. cxd6 Ne2+ 39. Kf1 Nc3 40.
Rd3 e4 41. Rxc3 exf3 42. Rxf3 Kg7 43. Rc3 f5 44. Rc7 Kf6 45. d7 Rf8 {Black
resigns} 1-0

[Event "Team 45 45 League T42"]
[Site "Internet Chess Club"]
[Date "2009.09.03"]
[Round "6"]
[White "badmove"]
[Black "AntMantis"]
[Result "0-1"]
[WhiteElo "1558"]
[BlackElo "1621"]
[Opening "Bird's opening"]
[ECO "A03"]
[Time "16:06:12"]
[TimeControl "2700+45"]

1. f4 d5 2. Nf3 Nf6 3. d3 e6 4. c3 c5 5. Qc2 d4 6. cxd4 cxd4 7. Qa4+ Nc6 8. Nxd4
Qxd4 9. Qxd4 Nxd4 10. Kd2 Bb4+ 11. Nc3 O-O 12. a3 Nb3+ {White resigns} 0-1

[Event "Team 45 45 League T42"]
[Site "Internet Chess Club"]
[Date "2009.09.04"]
[Round "6"]
[White "KoalieAwe"]
[Black "hooverman4"]
[Result "1/2-1/2"]
[WhiteElo "1432"]
[BlackElo "1591"]
[Opening "Queen's pawn"]
[ECO "A40"]
[Time "11:55:45"]
[TimeControl "2700+45"]

1. d4 e6 2. c4 c6 3. Nc3 Bb4 4. Bd2 h6 5. e4 b6 6. a3 Bxc3 7. Bxc3 d5 8. e5 Ne7
9. f4 Bb7 10. Nf3 Nd7 11. Bd3 dxc4 12. Bxc4 b5 13. Bd3 Nd5 14. Qd2 a6 15. f5 Qe7
16. O-O Nxc3 17. Qxc3 c5 18. fxe6 Qxe6 19. dxc5 Bxf3 20. Rxf3 Rc8 21. b4 O-O 22.
Re1 Rc7 23. Bf5 Qe7 24. e6 fxe6 25. Bxe6+ Kh8 26. Bxd7 Rxf3 27. gxf3 Qxd7 28.
Qe5 Rc8 29. Qd6 Qb7 30. Qf4 Qc6 31. Qg4 Rf8 32. Qe4 Qf6 33. c6 Rf7 34. Qe8+ Kh7
35. Qe4+ g6 36. Rd1 Qc3 37. Rd7 Qc1+ 38. Kf2 Rxd7 39. cxd7 Qd2+ 40. Kg3 Qxd7 41.
Qa8 Qd6+ 42. f4 g5 43. Qb7+ Kg8 44. Qc8+ Kg7 45. Qc3+ Kg6 46. Qc2+ Kf7 47. Qh7+
Ke8 48. Qg8+ Kd7 49. Qf7+ Kc8 50. Qe8+ Kb7 51. Qe4+ {Game drawn by mutual
agreement} 1/2-1/2

[Event "Team 45 45 League T42"]
[Site "Internet Chess Club"]
[Date "2009.09.04"]
[Round "6"]
[White "alan"]
[Black "fundie"]
[Result "1-0"]
[WhiteElo "2155"]
[BlackElo "2162"]
[Opening "English opening"]
[ECO "A20"]
[Time "16:01:26"]
[TimeControl "2700+45"]

1. c4 e5 2. g3 c5 3. Bg2 Nc6 4. Nc3 f5 5. a3 Nf6 6. d3 Rb8 7. Nf3 g6 8. O-O Bg7
9. b4 e4 10. dxe4 Nxe4 11. Nxe4 fxe4 12. Bg5 exf3 13. Bxd8 fxg2 14. Kxg2 Kxd8
15. b5 Na5 16. Rc1 Kc7 17. b6+ axb6 18. Qd5 Rf8 19. Rfd1 Nc6 20. Qd6+ Kd8 21.
Rb1 Rf6 22. Qd2 Kc7 23. f4 Re6 24. Rb3 Na5 25. Rd3 Bd4 26. f5 gxf5 27. Qf4+ d6
28. e3 Be5 29. Qxf5 Nxc4 30. Qxh7+ Bd7 31. Rc1 Rh8 32. Qf7 b5 33. a4 Bxg3 34.
hxg3 Ne5 35. Rxc5+ Kb6 36. Rxe5 Bc6+ 37. Red5 Rhh6 38. axb5 Bxd5+ 39. Rxd5 Rxe3
40. Qf2 {Black resigns} 1-0

[Event "Team 45 45 League T42"]
[Site "Internet Chess Club"]
[Date "2009.09.03"]
[Round "6"]
[White "chess92192"]
[Black "imgr8"]
[Result "0-1"]
[WhiteElo "1987"]
[BlackElo "2017"]
[Opening "Benkö gambit"]
[ECO "A58"]
[Time "19:44:34"]
[TimeControl "2700+45"]

1. d4 Nf6 2. c4 c5 3. d5 b5 4. cxb5 a6 5. bxa6 g6 6. Nc3 Bxa6 7. e4 Bxf1 8. Kxf1
d6 9. g3 Bg7 10. Kg2 Nbd7 11. Nf3 O-O 12. a4 Ra6 13. Qe2 Qa8 14. Bd2 Nb6 15. b3
Ne8 16. Rab1 Nc7 17. Ne1 f5 18. f3 fxe4 19. fxe4 Bxc3 20. Bxc3 Ncxd5 21. exd5
Nxd5 22. Nf3 Nxc3 23. Qc4+ Nd5 24. Rbd1 e6 25. Rhe1 Rf6 26. Qe4 Nc7 27. Qxa8+
Nxa8 28. Ng5 d5 29. Rc1 Rc6 30. b4 c4 31. b5 Rb6 32. Nf3 Nc7 33. Nd4 Rb7 34. Rb1
Kf7 35. a5 Ke7 36. b6 Na6 37. Nb5 Kd7 38. h4 Kc6 39. g4 Kd7 40. Nd4 Rf4 41. Nxe6
Rxg4+ 42. Kh3 h5 43. Nf8+ Kd6 44. Re6+ Kc5 45. Rxg6 Rxg6 46. Nxg6 c3 47. Nf4 Kc4
48. Kg3 d4 49. Kf3 d3 50. Rd1 c2 51. Rc1 Kc3 52. Nxd3 Kxd3 53. Kf4 Kd2 54. Rh1
c1=Q 55. Rxc1 Kxc1 56. Kg5 Rg7+ 57. Kxh5 Kd2 58. Kh6 Rg1 59. h5 Ke3 60. Kh7 Kf4
61. b7 Kf5 62. Kh8 Kf6 63. h6 Rg2 64. b8=Q Nxb8 65. a6 Nxa6 66. Kh7 Rg6 {White
resigns} 0-1

[Event "Team 45 45 League T42"]
[Site "Internet Chess Club"]
[Date "2009.09.06"]
[Round "6"]
[White "jefferyx"]
[Black "hewdondada"]
[Result "0-1"]
[WhiteElo "1947"]
[BlackElo "1792"]
[Opening "Scandinavian (center counter) defense"]
[ECO "B01"]
[Time "19:11:17"]
[TimeControl "2700+45"]

1. e4 d5 2. exd5 Qxd5 3. Nc3 Qa5 4. d4 Nf6 5. Nf3 c6 6. Bc4 Bf5 7. O-O e6 8. Ne5
Nbd7 9. Re1 Bb4 10. Bd2 O-O 11. a3 Bxc3 12. Bxc3 Qc7 13. Qe2 Rfe8 14. Rad1 Rad8
15. Bd3 Bxd3 16. Rxd3 Nb6 17. Rg3 Nfd5 18. Bd2 f6 19. Ng4 Kh8 20. Ne3 Nxe3 21.
Bxe3 e5 22. dxe5 Rxe5 23. Rd1 Nd5 24. Qd2 Rde8 25. Bd4 Re2 26. Qc1 Qf4 27. h3
Qxc1 28. Rxc1 R2e4 29. Bxa7 Nf4 30. Re3 Rxe3 31. Bxe3 Ne2+ 32. Kf1 Nxc1 33. Bxc1
Kg8 34. Be3 Kf7 35. c3 Ke6 36. Ke2 Kd5 37. Kd3 b5 38. b4 f5 39. f4 g6 40. g3 h6
41. h4 h5 42. Bf2 Ra8 43. Be1 Rxa3 44. Bd2 Ra1 45. Be3 Rf1 46. Ke2 Ke4 {White
resigns} 0-1

[Event "Team 45 45 League T42"]
[Site "Internet Chess Club"]
[Date "2009.09.03"]
[Round "6"]
[White "Majamutu"]
[Black "f5"]
[Result "1-0"]
[WhiteElo "2040"]
[BlackElo "2160"]
[Opening "Sicilian: accelerated fianchetto, modern variation with Bc4"]
[ECO "B35"]
[Time "12:32:07"]
[TimeControl "2700+45"]

1. e4 c5 2. Nf3 Nc6 3. d4 cxd4 4. Nxd4 g6 5. Nc3 Bg7 6. Be3 Nf6 7. Bc4 O-O 8.
Bb3 a5 9. O-O Ng4 10. Qxg4 Nxd4 11. Qd1 Nxb3 12. axb3 d6 13. Bd4 e5 14. Be3 Be6
15. Qd3 Ra6 16. Rfd1 Kh8 17. Nb5 d5 18. exd5 Bf5 19. Qe2 Bd7 20. Bc5 Rg8 21. Nd6
Be8 22. Nxb7 Qa8 23. Nd6 f6 24. c4 h5 25. Nxe8 Rxe8 26. Be3 f5 27. f3 e4 28.
fxe4 Rxe4 29. Qd2 Qb7 30. d6 Qd7 31. Bf2 Ra8 32. Rxa5 Rae8 33. Ra7 Qc6 34. Rc7
Qa8 35. d7 Rd8 36. Qd5 Qb8 37. Qb7 {Black resigns} 1-0

[Event "Team 45 45 League T42"]
[Site "Internet Chess Club"]
[Date "2009.09.05"]
[Round "6"]
[White "Beddathanme"]
[Black "cesaralexander"]
[Result "1/2-1/2"]
[WhiteElo "1875"]
[BlackElo "2059"]
[Opening "French: advance, Milner-Barry gambit"]
[ECO "C02"]
[Time "22:21:24"]
[TimeControl "2700+45"]

1. e4 e6 2. d4 d5 3. e5 c5 4. c3 Nc6 5. Nf3 Qb6 6. Bd3 Bd7 7. dxc5 Bxc5 8. O-O
Qc7 9. Qe2 Nge7 10. b4 Bb6 11. b5 Na5 12. Ba3 Nc4 13. Bxe7 Kxe7 14. a4 Ba5 15.
Rc1 a6 16. Na3 axb5 17. axb5 Nxa3 18. Rxa3 Bb4 19. Rxa8 Rxa8 20. Qd2 Rc8 21.
Qg5+ Kf8 22. c4 h6 23. Qf4 Bxb5 24. Nd4 Bd7 25. Rb1 Bc5 26. cxd5 Bxd4 27. Qxd4
exd5 28. Qxd5 Be6 29. Qe4 g6 30. Qf4 Kg8 31. Qxh6 Qxe5 32. h4 Bf5 33. Bxf5 Qxf5
34. Rxb7 Qe4 35. Rd7 Qe1+ 36. Kh2 Qxf2 37. h5 Qh4+ 38. Kg1 Re8 39. Rd1 Re1+ 40.
Rxe1 Qxe1+ 41. Kh2 Qh4+ 42. Kg1 Qe1+ 43. Kh2 Qh4+ 44. Kg1 Qxh5 45. Qxh5 gxh5 46.
Kf2 Kg7 47. Kf3 Kg6 48. Kf4 f5 49. g3 Kf6 50. Ke3 Kg5 51. Kf3 Kg6 52. Kf4 Kf6
53. Ke3 Kg5 54. Kf3 {Game drawn by mutual agreement} 1/2-1/2

[Event "Team 45 45 League T42"]
[Site "Internet Chess Club"]
[Date "2009.09.04"]
[Round "6"]
[White "Beetlejuice"]
[Black "trucazzo"]
[Result "0-1"]
[WhiteElo "1855"]
[BlackElo "2106"]
[Opening "Catalan opening"]
[ECO "E00"]
[Time "16:07:04"]
[TimeControl "2700+45"]

1. d4 Nf6 2. c4 e6 3. g3 Bb4+ 4. Bd2 Be7 5. Bg2 d5 6. Nf3 O-O 7. O-O b6 8. Qc2
c6 9. b3 Nbd7 10. Nc3 Ba6 11. cxd5 cxd5 12. Rfd1 Rc8 13. Qb2 h6 14. b4 Bc4 15.
b5 Bd6 16. Bf4 Bxf4 17. gxf4 Qe7 18. Ne5 Nh5 19. e3 Nxe5 20. fxe5 f6 21. exf6
Nxf6 22. h3 Qf7 23. e4 dxe4 24. Nxe4 Nxe4 25. Bxe4 Qf4 26. Re1 Qh4 27. Kg2 Rf4
28. f3 Rcf8 29. Rac1 Bd3 30. Bc6 R8f6 31. Qa3 Rg6+ {White resigns} 0-1

[Event "Team 45 45 League T42"]
[Site "Internet Chess Club"]
[Date "2009.09.05"]
[Round "6"]
[White "awb"]
[Black "charles-allen"]
[Result "1/2-1/2"]
[WhiteElo "1745"]
[BlackElo "1899"]
[Opening "Queen's pawn game"]
[ECO "D00"]
[Time "20:23:06"]
[TimeControl "2700+45"]

1. d4 d5 2. f4 Nf6 3. Nf3 Bf5 4. c4 c6 5. Nc3 e6 6. e3 Na6 7. a3 Bd6 8. cxd5
exd5 9. Ne5 Qe7 10. Bxa6 bxa6 11. Nxc6 Qc7 12. Ne5 O-O 13. O-O Be4 14. Bd2 Rac8
15. Rc1 Qb7 16. b4 Rc7 17. Na4 Rxc1 18. Qxc1 Rc8 19. Nc5 Bxc5 20. dxc5 Qb5 21.
Qc3 Nd7 22. Nxd7 Qxd7 23. Qb3 Qg4 24. Rf2 a5 25. h3 Qd7 26. Rf1 axb4 27. axb4
Qb5 28. Re1 Rxc5 29. Qa3 Rc2 30. Qxa7 h6 31. Qd4 Rc4 32. Qe5 Rc2 33. Qd4 Rc4 34.
Qe5 Rc2 {Game drawn by mutual agreement} 1/2-1/2